 Dungeon Crawl Stone Soup version 0.29-a0-506-ga2e7fffb44 (webtiles) character file.

Game seed: 13011750169179061638

5 Sobieck the Vexing (level 1, 16/16 HPs)
             Began as a Hill Orc Arcane Marksman on May 28, 2022.
             Got out of the dungeon alive.
             The game lasted 00:01:04 (493 turns).

Sobieck the Vexing (Hill Orc Arcane Marksman)        Turns: 493, Time: 00:01:05

Health: 16/16      AC:  2    Str: 12    XL:     1   Next: 80%
Magic:  2/2        EV: 12    Int: 13    God:
Gold:   28         SH:  0    Dex: 11    Spells: 1/2 levels left

rFire   . . .      SeeInvis .   a - +0 hand crossbow {crossbow}
rCold   . . .      Faith    .   (no shield)
rNeg    . . .      Spirit   .   b - +0 robe
rPois   +          Reflect  .   (no helmet)
rElec   .          Harm     .   (no cloak)
rCorr   .          Rampage  .   (no gloves)
Will    .....                   (no boots)
Stlth   +.........              (no amulet)
HPRegen 0.05/turn               f - ring of poison resistance
MPRegen 0.08/turn               (no ring)

@: no status effects
A: no striking features
a: no special abilities


You escaped.
You visited 1 branch of the dungeon, and saw 1 of its levels.

You collected 28 gold pieces.


   Skills:
 + Level 1.5 Fighting
 - Level 2.0 Crossbows
 + Level 0.6 Armour
 - Level 1.5 Dodging
 - Level 1.0 Spellcasting
 - Level 3.0 Hexes


You had one spell level left.
You knew the following spells:

 Your Spells              Type           Power      Damage    Failure   Level
a - Slow                  Hex            32%        N/A       9%          1

Your spell library contained the following spells:

 Spells                   Type           Power      Damage    Failure   Level
 Inner Flame              Hex/Fire       4%         N/A       41%         3
 Portal Projectile        Hex/Tloc       8%         N/A       41%         3
 Cause Fear               Hex            4%         N/A       63%         4

Inventory:

Hand Weapons
 a - a +0 hand crossbow (weapon) {crossbow}
Missiles
 d - 42 stones {throwing}
Armour
 b - a +0 robe (worn)
 i - a +0 ring mail
   (You found it on level 1 of the Dungeon)
Jewellery
 f - a ring of poison resistance (left hand)
   (You found it on level 1 of the Dungeon)
Scrolls
 c - a scroll of vulnerability {!r!r}
 g - a scroll of identify {unknown}
Potions
 e - a potion of haste {unknown}
 h - a potion of attraction {unknown}

Dungeon Overview and Level Annotations

Branches:
Dungeon (1/15)

Altars:

#..# #....#........... #####.##
####.#....###+### #......#
#.#....# #.... #.####.##
#####.#....# ##### #.# #..#
#.....#....# #.#####.#
###'###.#....# #...# #.##
#.....#.#....# ##...###..#
#.....#.###'## #8...8###.#
#..@..#.# #.# ##...##
#.###..)..#.# #.# #...#
#..##.....#.###'####### ##...##
##.####+###...........# #8...8#
#..#.................#
##...########.##.#.#..........#
8##...##8###8#.##.#.'..........#
...............##.###..........#
....⌠...............'..........##


There were no monsters in sight!


Message History

Found a whip.
Found a staircase leading out of the dungeon.
Casting: Slow (safe; 9% risk of failure)
Confirm with . or Enter, or press ? or * to list all spells.
Okay, then.
Unknown command.
You open the door.
There is an open door here.
You now have 1 gold piece.
A goblin comes into view. It is wielding a +0 club.
Danger!
You shoot a bolt.
The bolt hits the goblin but does no damage.
The goblin shouts!
You shoot a bolt.
The bolt hits the goblin but does no damage.
You shoot a bolt. The bolt hits the goblin.
You kill the goblin!
No target in view!
Things that are here:
a +0 club {mace}; a goblin corpse Unknown command.
You now have 18 gold pieces (gained 17).
d - 24 stones {throwing}
e - a purple potion Unknown command.
f - a ring of poison resistance Unknown command.
f - a ring of poison resistance (left hand)
d - 42 stones {throwing} (gained 18)
g - a scroll labelled QEMIWI PADIBBI Unknown command.
A quokka comes into view.
Danger!
You shoot a bolt. The bolt barely misses the quokka.
You shoot a bolt. The bolt closely misses the quokka.
You shoot a bolt. The bolt misses the quokka.
The quokka bites you.
You are now empty-handed.
You hit the quokka. The quokka bites you.
You hit the quokka.
The quokka bites you but does no damage.
The quokka closely misses you.
You hit the quokka.
You kill the quokka!
No target in view!
a - a +0 hand crossbow (weapon)
{crossbow} A quokka comes into view.
Danger!
You shoot a bolt. The bolt hits the quokka.
No target in view!
No target in view!
Danger!
You shoot a bolt. The bolt hits the quokka!
You kill the quokka!
No target in view!
You open the door.
There is an open door here.
You open the door.
Found a faded altar of an unknown god.
Unknown command.
There is an empty arch of ancient stone here.
There is a faded altar of an unknown god here.
There is a faded altar of an unknown god here.
You open the door.
There is an open door here.
You open the door.
There is an open door here.
Found an escape hatch in the floor.
Unknown command.
No target in view!
h - a bubbling yellow potion
i - a +0 ring mail You open the door.
There is an open door here.
You open the door.
A quokka comes into view.
Danger!
You shoot a bolt. The bolt hits the quokka.
You kill the quokka!
Training target 2.0 for Crossbows reached!
Your Crossbows skill increases to level 2!
No target in view!
You now have 28 gold pieces (gained 10).
There is an open door here.
There is an open door here.
Found a stone staircase leading down.
Unknown command.
You open the door.
There is an open door here.
You open the door.
There is an open door here.
You open the door.
Found a stone staircase leading down.
There is an open door here.
Unknown command.
You see here a +0 club {mace}.
There is an open door here.
There is a staircase leading out of the dungeon here.
Are you sure you want to leave the Dungeon?
This will make you lose the game!
You have escaped!

Skill      XL: |  1 |
---------------+----+-----
Crossbows      | 2 |  2.0
Fighting       | |  1.5
Armour         | |  0.6
Dodging        | |  1.5
Spellcasting   | |  1.0
Hexes          | |  3.0

Action                   || total
-------------------------++-------
Melee: Unarmed           ||     3
 Fire: Hand crossbow     ||     9
Armor: Robe              ||     1
Dodge: Dodged            ||     1

Levels and vault maps discovered:
D:1:      minmay_arrival_checkered_box, layout_basic, serial_corexii_hall,
          corexii_hall_statues_l, corexii_hall_statues_x,
          shapermc_ecumenical_altar_venn

Notes
Turn   | Place    | Note
-------+----------+-------------------------------------------
     0 | D:1      | Sobieck the Hill Orc Arcane Marksman began the quest for
                  | the Orb.
     0 | D:1      | Reached XP level 1. HP: 16/16 MP: 2/2
   187 | D:1      | Found a faded altar of an unknown god.
   308 | D:1      | Reached skill level 2 in Crossbows
   493 | D:$      | Got out of the dungeon alive.

Vanquished Creatures
  A goblin (D:1)
  3 quokkas (D:1)
4 creatures vanquished.

Table legend:
 A = Non-vault XP
 B = Vault XP
 C = Vault XP percentage of total XP
 D = Non-vault monster count
 E = Vault monster count
 F = Vault count percentage of total count
                 A         B        C        D         E       F
            +---------+---------+-------+---------+---------+-------
      Total |       8 |       0 |   0.0 |       4 |       0 |   0.0
            +---------+---------+-------+---------+---------+-------
        D:1 |       8 |       0 |   0.0 |       4 |       0 |   0.0
            +---------+---------+-------+---------+---------+-------

Illustrated notes

Table legend:
 A = Kills in this place as a percentage of kills in entire the game.
 B = Kills by you in this place as a percentage of kills by you in the entire game.
 C = Kills by friends in this place as a percentage of kills by friends in the entire game.
 D = Other kills in this place as a percentage of other kills in the entire game.
 E = Experience gained in this place as a percentage of experience gained in the entire game.
 F = Experience gained in this place divided by the number of levels of this place that you have seen.
                   A       B       C       D       E      F
               +-------+-------+-------+-------+-------+----------------------
         Total | 100.0 | 100.0 |   N/A |   N/A | 100.0 |   8.0
       Dungeon | 100.0 | 100.0 |   N/A |   N/A | 100.0 |   8.0
               +-------+-------+-------+-------+-------+----------------------

Table legend: (Time is in decaauts)
 A = Elapsed time spent in this place.
 B = Non-inter-level travel time spent in this place.
 C = Inter-level travel time spent in this place.
 D = Time resting spent in this place.
 E = Time spent auto-exploring this place.
 F = Levels seen in this place.
 G = Mean time per level.
                   A        B        C        D        E       F      G
               +--------+--------+--------+--------+--------+-----+--------+
         Total |    495 |    464 |     31 |      0 |    432 |   1 |  495.0 |
       Dungeon |    495 |    464 |     31 |      0 |    432 |   1 |  495.0 |
               +--------+--------+--------+--------+--------+-----+--------+

Top non-repeatable levels by time:
     D:1: 495 daAuts
